 Dungeon Crawl Stone Soup version 0.24.0-41-g2ae2f7f1be (webtiles) character file.

Game seed: 4887407160194050205, levelgen mode: deterministic

515 Delamore the Cleaver (level 7, -8/57 HPs)
             Began as a Hill Orc Fighter on Dec 14, 2019.
             Mangled by a gnoll
             ... wielding a +0 halberd
              (12 damage)
             ... on level 3 of the Dungeon.
             The game lasted 00:03:47 (3024 turns).

Delamore the Cleaver (Hill Orc Fighter)             Turns: 3024, Time: 00:03:47

Health: -8/57      AC:  5    Str: 21    XL:     7   Next: 20%
Magic:  7/7        EV:  8    Int:  8    God:
Gold:   102        SH:  9    Dex: 10    Spells: 6/6 levels left

rFire    . . .     SeeInvis .   a - +0 war axe
rCold    + . .     Gourm    .   c - +0 shield
rNeg     . . .     Faith    .   h - +0 ring mail {rC+}
rPois    .         Spirit   .   (no helmet)
rElec    .         Reflect  .   (no cloak)
rCorr    .         Harm     .   (no gloves)
MR       .....                  (no boots)
Stlth    ..........             (no amulet)
HPRegen  0.19/turn              (no ring)
MPRegen  0.10/turn              (no ring)

@: lethally poisoned (-8 -> -10)
A: no striking features
a: no special abilities


You were on level 3 of the Dungeon.
You were not hungry.

You visited 1 branch of the dungeon, and saw 3 of its levels.

You collected 102 gold pieces.

Inventory:

Hand Weapons
 a - a +0 war axe (weapon)
Armour
 b - a +0 scale mail
 c - a +0 shield (worn)
 h - a +0 ring mail of cold resistance (worn)
Wands
 q - a wand of flame (7)
Scrolls
 e - a scroll of fog {unknown}
 i - a scroll of immolation {unknown}
 j - a scroll of blinking {unknown}
 k - a scroll of identify
 m - a scroll of magic mapping {unknown}
 n - a scroll of amnesia {unknown}
 o - a scroll of teleportation {unknown}
Potions
 d - a potion of might
 p - 2 potions of agility {unknown}
Comestibles
 f - 7 rations
 g - 3 chunks of flesh


   Skills:
 - Level 3.6 Fighting
 + Level 10.0 Axes
 - Level 3.2 Armour
 - Level 3.2 Shields


You had 6 spell levels left.
You didn't know any spells.
Your spell library contained the following spells:

 Spells                   Type           Power        Failure   Level  Hunger
 Confusing Touch          Hex            #.....       97%         1    ##.....
 Confuse                  Hex            #.......     100%        3    ####...
 Gell's Gravitas          Tloc           #.........   100%        3    ####...
 Petrify                  Tmut/Erth      #.......     100%        4    #####..
 Metabolic Englaciation   Hex/Ice        #.........   100%        5    ######.
 Yara's Violent Unravell  Hex/Tmut       #.........   100%        5    ######.


Dungeon Overview and Level Annotations

Branches:
Dungeon (3/15)

Altars:
The Shining One

Annotations:
D:3 3 runed translucent doors, FishyPogo's ghost, amateur GnSk; kalagan's ghost, amateur GrEE


Message History

The gnoll hits you from afar with a +0 halberd!
* * * LOW HITPOINT WARNING * * *
You hit the gnoll.
The gnoll is almost dead.
The gnoll hits you with a +0 whip.
* * * LOW HITPOINT WARNING * * *
The gnoll hits you from afar with a +0 halberd.
* * * LOW HITPOINT WARNING * * *
You feel sick. You block the gnoll's attack.
You slash the gnoll!
The gnoll is severely wounded.
You hit the gnoll.
You kill the gnoll!
Your Axes skill increases to level 10!
The gnoll hits you with a +0 halberd!
* * * LOW HITPOINT WARNING * * *
You hit the gnoll.
The gnoll is almost dead.
The gnoll hits you with a +0 halberd!
You die...

###
###########.###################
..............................#
########..#.................#.#
#..#.###############.#.# #####
#..#.# #.#.# ....# #..#.########
#.#.# ....# #.(#...)g...###
####+#'# ....# #..###.@.......
#......† ....# #..# #.........
#....... ##########..# #.........
#....... #..........# #.........
####'#'# #..........# #.........
#.#.# #..........########+###
#.#.# #................. #.#.#
##........#.#################.#.#
.................................


You could see a gnoll.

Vanquished Creatures
  Sigmund (D:3)
  2 orc priests (D:2)
  2 orc wizards (D:3)
  A worker ant (D:2)
  Natasha (thrice) (D:3)
  3 adders
  2 gnolls (D:3)
  A worm (D:3)
  3 dart slugs
  4 leopard geckos
  8 orcs
  11 goblins
  10 hobgoblins
  7 jackals
  A ball python (D:3)
  8 bats
  5 frilled lizards
  11 kobolds
  6 rats
89 creatures vanquished.

Vanquished Creatures (others)
  2 withered plants (D:3)
2 creatures vanquished.

Grand Total: 91 creatures vanquished

Notes
Turn   | Place    | Note
-------+----------+-------------------------------------------
     0 | D:1      | Delamore the Hill Orc Fighter began the quest for the Orb.
     0 | D:1      | Reached XP level 1. HP: 19/19 MP: 1/1
    27 | D:1      | Reached skill level 3 in Axes
   116 | D:1      | Reached XP level 2. HP: 25/26 MP: 2/2
   199 | D:1      | Reached skill level 4 in Axes
   417 | D:1      | You fall into a shaft and drop 1 floor!
   646 | D:2      | Reached XP level 3. HP: 22/31 MP: 3/3
   797 | D:2      | Reached skill level 5 in Axes
   848 | D:2      | Reached XP level 4. HP: 15/39 MP: 4/4
   998 | D:2      | Reached skill level 6 in Axes
  1064 | D:2      | Found a glowing golden altar of the Shining One.
  1245 | D:2      | Reached XP level 5. HP: 19/45 MP: 5/5
  1251 | D:2      | Reached skill level 7 in Axes
  1551 | D:3      | Found a runed translucent gate.
  1552 | D:3      | Found a runed translucent gate.
  1553 | D:3      | Found a runed translucent gate.
  1554 | D:3      | Noticed FishyPogo's ghost (amateur GnSk)
  1555 | D:3      | Noticed kalagan's ghost (amateur GrEE)
  1643 | D:3      | Noticed Sigmund
  1652 | D:3      | Killed Sigmund
  1652 | D:3      | Reached skill level 8 in Axes
  1652 | D:3      | Reached XP level 6. HP: 24/51 MP: 6/6
  1923 | D:3      | Reached skill level 9 in Axes
  2216 | D:3      | Noticed Natasha
  2221 | D:3      | Killed Natasha
  2347 | D:3      | Noticed Natasha
  2358 | D:3      | Killed Natasha
  2358 | D:3      | Reached XP level 7. HP: 32/57 MP: 7/7
  2546 | D:3      | Noticed Natasha
  2556 | D:3      | Killed Natasha
  3023 | D:3      | Reached skill level 10 in Axes
  3024 | D:3      | Mangled by a gnoll

Levels and vault maps discovered:
D:1:      moated_graveyard_arrival, layout_basic
D:2:      layout_loops_ring, marbit_many_paths
D:3:      corexii_shack_village, layout_basic, gammafunk_ghost_cemetery,
          palyth_stone_intersect, uniq_natasha, uniq_sigmund

Skill      XL: |  1  2  3  4  5  6  7 |
---------------+----------------------+-----
Axes           | 3 4 5 6 8 9 10 | 10.0
Fighting       | |  3.6
Armour         | |  3.2
Shields        | |  3.2

Action                   |  1- 3 |  4- 6 |  7- 9 || total
-------------------------+-------+-------+-------++-------
Melee: War axe           |   112 |   151 |    52 ||   315
  Use: Potion            |       |     2 |       ||     2
       Scroll            |       |       |     2 ||     2
  Eat: Chunk             |       |     5 |     2 ||     7
Armor: Scale mail        |    33 |       |       ||    33
       Ring mail         |    13 |    57 |    13 ||    83
Dodge: Dodged            |    48 |    46 |    12 ||   106
Block: Shield            |    53 |    62 |    20 ||   135
